 Dungeon Crawl Stone Soup version 0.25-a0-435-g4b9beb1024 (webtiles) character file.

Game seed: 10697124778347329905, levelgen mode: deterministic

198 Elellon the Conjurer (level 5, -5/28 HPs)
             Began as a Deep Elf Conjurer on Jan 28, 2020.
             Slain by Pikel
             ... wielding a +0 whip of freezing
              (8 damage)
             ... on level 3 of the Dungeon.
             The game lasted 00:04:19 (3463 turns).

Elellon the Conjurer (Deep Elf Conjurer)            Turns: 3463, Time: 00:04:20

Health: -5/28      AC:  3    Str:  6    XL:     5   Next: 47%
Magic:  3/15       EV: 13    Int: 20    God:
Gold:   133        SH:  0    Dex: 15    Spells: 8/15 levels left

rFire    . . .     SeeInvis .   s - +1 dagger (elec)
rCold    . . .     Gourm    .   (no shield)
rNeg     . . .     Faith    .   a - +0 robe
rPois    .         Spirit   .   t - +0 helmet
rElec    .         Reflect  .   (no cloak)
rCorr    .         Harm     .   (no gloves)
MR       .....                  (no boots)
Stlth    ++........             (no amulet)
HPRegen  0.09/turn              (no ring)
MPRegen  0.14/turn              (no ring)

@: no status effects
A: no striking features
a: no special abilities


You were on level 3 of the Dungeon.
You were hungry.

You visited 1 branch of the dungeon, and saw 4 of its levels.

You collected 133 gold pieces.

Inventory:

Hand Weapons
 s - a +1 dagger of electrocution (weapon)
Armour
 a - a +0 robe (worn)
 t - a +0 helmet (worn)
Jewellery
 i - a cursed ring of attention {unknown}
Scrolls
 g - 3 scrolls of remove curse {unknown}
 k - 2 scrolls of teleportation {unknown}
 l - 2 scrolls of fear {unknown}
 m - a scroll of fog {unknown}
 n - 4 scrolls of identify {unknown}
 p - 2 scrolls of random uselessness {unknown}
 q - a scroll of immolation {unknown}
 r - a scroll of enchant weapon {unknown}
 u - a scroll of amnesia {unknown}
Potions
 b - a potion of might {unknown}
 d - a potion of resistance {unknown}
 e - a potion of heal wounds {unknown}
 f - a potion of haste {unknown}
 h - 2 potions of curing
 j - a potion of magic {unknown}
Comestibles
 c - 4 rations


   Skills:
 - Level 2.4 Dodging
 - Level 2.4 Stealth
 + Level 5.8 Spellcasting
 + Level 6.1 Conjurations


You had 8 spell levels left.
You knew the following spells:

 Your Spells              Type           Power        Failure   Level  Hunger
a - Magic Dart            Conj           ####         1%          1    None
b - Searing Ray           Conj           ####..       1%          2    None
c - Iskenderun's Mystic   Conj/Tloc      ###.....     30%         4    ####...

Your spell library contained the following spells:

 Spells                   Type           Power        Failure   Level  Hunger
 Dazzling Flash           Conj/Hex       ###...       9%          3    ##.....
 Fulminant Prism          Conj/Hex       ###.......   30%         4    ####...


Dungeon Overview and Level Annotations

Branches:
Dungeon (4/15)
 Temple: D:4-7

Altars:
Cheibriados
Kikubaaqudgha

Annotations:
D:3 Pikel


Message History

The searing ray hits Pikel!
Pikel is heavily wounded.
Pikel barely misses you.
The searing ray hits Pikel.
Pikel is severely wounded.
Pikel hits you with a +0 whip of freezing.
* * * LOW HITPOINT WARNING * * *
Pikel freezes you.
* * * LOW HITPOINT WARNING * * *
The searing ray misses Pikel.
You finish channeling your searing ray.
Pikel closely misses you.
Casting: Searing Ray (safe; 1% risk of failure)
Confirm with . or Enter, or press ? or * to list all spells.
Aiming: Searing Ray (safe; 1% risk of failure)
Press: ? - help, Shift-Dir - straight line, f/p - Pikel
Aim: Pikel, wielding a +0 whip of freezing and wearing a +0 robe (severely wounded)
The searing ray misses Pikel. (Press . to maintain the ray.) Pikel hits you with a +0 whip of freezing!
You die...

### #.. #.. ######
##############.. #....#
#...........##..
#.##.####.###...........
#.##.#.K....#.#####.####
#.##...@................
#.####..#.#.#.#######.##
#.# #....<#.#.# #... #.#
#...#.#.#.#######..# #.#
#...#.#.#.......#..#
####.#
#...#.#.#######.####
#....#
#)..#.#.......#.##..
##.###
#...#.#######.#.###.
#.#####...................


You could see Pikel.

Vanquished Creatures
  An orc wizard (D:3)
  An orc priest (D:3)
  4 gnolls (D:3)
  5 adders
  An ooze (D:1)
  2 leopard geckos (D:2)
  3 orcs (D:3)
  3 bats
  3 giant cockroaches
  4 goblins
  9 hobgoblins
  3 quokkas
  A ball python (D:3)
  A frilled lizard (D:1)
  3 kobolds
  8 rats
52 creatures vanquished.

Notes
Turn   | Place    | Note
-------+----------+-------------------------------------------
     0 | D:1      | Elellon the Deep Elf Conjurer began the quest for the Orb.
     0 | D:1      | Reached XP level 1. HP: 10/10 MP: 6/6
   259 | D:1      | Reached XP level 2. HP: 15/15 MP: 4/8
  1577 | D:2      | Reached skill level 5 in Conjurations
  1577 | D:2      | Reached XP level 3. HP: 19/19 MP: 6/10
  2028 | D:3      | Found a snail-covered altar of Cheibriados.
  2029 | D:3      | Found an ancient bone altar of Kikubaaqudgha.
  2232 | D:3      | Reached XP level 4. HP: 18/24 MP: 8/12
  2249 | D:3      | Reached skill level 5 in Spellcasting
  2533 | D:2      | Learned a level 2 spell: Searing Ray
  2538 | D:2      | Learned a level 4 spell: Iskenderun's Mystic Blast
  2566 | D:3      | Reached XP level 5. HP: 24/28 MP: 4/15
  2853 | D:3      | Reached skill level 6 in Conjurations
  3448 | D:4      | Noticed Pikel
  3448 | D:4      | Noticed a slave
  3449 | D:4      | Noticed a slave
  3456 | D:4      | Noticed a slave
  3463 | D:3      | Slain by Pikel

Levels and vault maps discovered:
D:1:      dpeg_arrival_simpleton_c, layout_basic, minmay_tetromino_i4
D:2:      layout_loops_cross, serial_park_tiny_1
D:3:      layout_basic, gammafunk_temple_overflow_statue
D:4:      layout_basic, uniq_pikel

Skill      XL: |  1  2  3  4  5 |
---------------+----------------+-----
Spellcasting   | 4 5 |  5.8
Conjurations   | 5 6 |  6.1
Dodging        | |  2.4
Stealth        | |  2.4

Action                   |  1- 3 |  4- 6 || total
-------------------------+-------+-------++-------
Melee: Unarmed           |     6 |       ||     6
 Cast: Magic Dart        |    70 |    52 ||   122
       Searing Ray       |       |     6 ||     6
  Eat: Chunk             |     4 |     3 ||     7
Armor: Robe              |     4 |     1 ||     5
Dodge: Dodged            |     6 |    10 ||    16

Table legend:
 A = Non-vault XP
 B = Vault XP
 C = Vault XP percentage of total XP
 D = Non-vault monster count
 E = Vault monster count
 F = Vault count percentage of total count
                 A         B        C        D         E       F
            +---------+---------+-------+---------+---------+-------
      Total |     280 |       4 |   1.4 |      49 |       3 |   5.8
            +---------+---------+-------+---------+---------+-------
        D:1 |      28 |       4 |  12.5 |      15 |       3 |  16.7
        D:2 |      25 |       0 |   0.0 |       6 |       0 |   0.0
        D:3 |     227 |       0 |   0.0 |      28 |       0 |   0.0
            +---------+---------+-------+---------+---------+-------
